 Dungeon Crawl Stone Soup version 0.18.1-5-g4a78601 (webtiles) character file.

114 Martinusm the Skirmisher (level 4, 0/41 HPs)
             Began as a Hill Orc Abyssal Knight on May 10, 2016.
             Was a Believer of Lugonu.
             Succumbed to an adder's poison
             ... on level 3 of the Dungeon.
             The game lasted 00:15:18 (3121 turns).

Martinusm the Skirmisher (Hill Orc Abyssal Knight)  Turns: 3121, Time: 00:15:19

Health: 0/41       AC: 14    Str: 15    XL:     4   Next: 97%
Magic:  14/14      EV:  5    Int: 12    God:    Lugonu [**....]
Gold:   98         SH:  0    Dex: 10    Spells: 0 memorised, 3 levels left

rFire  . . .     SeeInvis .     a - +1 spear
rCold  . . .     Gourm    .     s - +0 plate armour (curse)
rNeg   . . .     Faith    .     (no shield)
rPois  .         Spirit   .     (no helmet)
rElec  .         Dismiss  .     (no cloak)
rCorr  .         Reflect  .     (no gloves)
SustAt .         Harm     .     (no boots)
MR     .....                    (no amulet)
Stlth  ..........               g - +3 ring of protection
                                e - ring of magical power

@: lethally poisoned (0 -> -5), not resistant to hostile enchantments, extremely
unstealthy
A: no striking features
a: Depart the Abyss, Bend Space, Renounce Religion


You were on level 3 of the Dungeon.
You worshipped Lugonu.
Lugonu was pleased with you.
You were not hungry.

You visited 1 branch of the dungeon, and saw 3 of its levels.
You visited the Abyss 1 time.

You collected 98 gold pieces.

Inventory:

Hand Weapons
 a - a +1 spear (weapon)
 c - a +0 falchion
 k - a +0 quarterstaff
Missiles
 l - 93 stones (quivered)
 m - 13 poisoned needles
Armour
 b - a +0 leather armour
 o - a +0 ring mail
 s - a cursed +0 plate armour (worn)
Jewellery
 e - a ring of magical power (left hand)
 g - a +3 ring of protection (right hand)
 j - a -2 ring of dexterity
Scrolls
 f - a scroll of enchant armour
 r - a scroll of remove curse
Potions
 u - a potion of brilliance
Comestibles
 i - a meat ration


   Skills:
 + Level 4.3 Fighting
 + Level 3.1 Polearms
 + Level 3.2 Armour
 + Level 2.1 Dodging
 + Level 0.1 Stealth
 + Level 2.5 Invocations


You had 3 spell levels left.
You didn't know any spells.

Dungeon Overview and Level Annotations

Branches:
Dungeon (3/15)

Altars:
Fedhas
Okawaru

Portals:
Sewer: D:3

Annotations:
D:2 Ijyb


Message History

Your magical contamination has completely faded away.
You feel magically purged.
You continue eating. x2
The adder bites you but does no damage. x2
You finish eating.
That royal jelly was delicious!
The adder bites you but does no damage. The adder bites you.
* * * LOW HITPOINT WARNING * * *
The adder bites you but does no damage.
Things that are here:
a rat corpse; a giant cockroach corpse The adder completely misses you.
The adder completely misses you. The adder bites you but does no damage.
The adder bites you but does no damage. The adder bites you.
* * * LOW HITPOINT WARNING * * *
You are lethally poisoned!
The adder poisons you!
You die...

.............
.........######
.....########
.######.H#..... .....#
######### #.o#..... ####.#
#.......# #..#..... ..<#.#
#.......# #.######.K#.....
####.# #.......#
#.........#..... ###.#
#.......# ######....#.....
##.#.#
#.......########.####.....
...#.# #........@.......#
#..... ##.#.#
#...$...S...###### #.....
...# #...........# #.....
#### #.........K.# ######
#...........# #....
#...........##########†###
#...................o..#
##########..#..........#
##.##...≈≈≈...#


You could see an adder and a kobold.

Vanquished Creatures
  A gnoll (D:2)
  5 adders
  An ooze (D:3)
  A dart slug (D:1)
  3 giant geckos
  An orc (D:3)
  3 giant cockroaches
  6 goblins
  A hobgoblin (D:2)
  3 jackals (D:2)
  3 quokkas
  4 bats
  A giant newt (D:2)
  8 kobolds
  11 rats
  2 plants (D:2)
54 creatures vanquished.

Notes
Turn   | Place    | Note
--------------------------------------------------------------
     0 | Abyss:1  | Martinusm the Hill Orc Abyssal Knight began the quest for the Orb.
     0 | Abyss:1  | Reached XP level 1. HP: 19/19 MP: 2/2
    49 | Abyss:1  | Found a corrupted altar of Lugonu.
    80 | D:1      | Escaped the Abyss
   319 | D:1      | Reached XP level 2. HP: 27/27 MP: 3/3
   383 | D:1      | Reached skill level 4 in Fighting
   734 | D:1      | Reached skill level 1 in Dodging
  1037 | D:2      | Reached XP level 3. HP: 16/33 MP: 4/4
  1615 | D:2      | Found an iron altar of Okawaru.
  1774 | D:2      | Reached XP level 4. HP: 32/40 MP: 5/5
  1870 | D:2      | Found a blossoming altar of Fedhas.
  1874 | D:2      | Noticed Ijyb
  1886 | D:2      | Reached ** piety under Lugonu
  2914 | D:3      | Noticed a hippogriff
  2959 | D:3      | Found a glowing drain.
  3053 | D:3      | Noticed an ogre
  3120 | D:3      | HP: 1/41 [adder (4)]
  3121 | D:3      | Succumbed to an adder's poison

Skill      XL: |  1  2  3  4 |
---------------+-------------+-----
Fighting       | 4 |  4.3
Dodging        | 1 2 |  2.1
Armour         | 3 |  3.2
Polearms       | 3 |  3.1
Stealth        | |  0.1
Invocations    | |  2.5

Action                   |  1- 3 |  4- 6 || total
-------------------------+-------+-------++-------
Melee: Spear             |    92 |   323 ||   415
  Use: Scroll            |     2 |     7 ||     9
       Potion            |     1 |     3 ||     4
  Eat: Bread ration      |     1 |       ||     1
       Meat ration       |       |     1 ||     1
       Royal jelly       |       |     1 ||     1
Armor: Leather armour    |    32 |     2 ||    34
       Plate armour      |       |   102 ||   102
       Ring mail         |       |    73 ||    73
Dodge: Dodged            |    73 |   106 ||   179
